AoeStats
← postvmas

Golden Pit

508924000Analyzed
1v1 RM · 8d ago on Sep 24, 2026· 19m 33s· 2 players
Game mode
Random Map
Map size
Tiny (2 player)
Population
200
Speed
Normal
Resources
Standard
Victory
Conquest
Starting age
Dark Age
Ending age
Imperial Age
RankedLock teamsTeams togetherTeam positionsShared explorationLock speedFull tech treeHidden civsTurbo modeCheats
Victory
Defeat
🇪🇸 Burmese · Spain
315
+13
🇨🇴 Varangians · Colombia
256
-13
Dupin6341
0:35 Loom
12:17 Feudal Age
12:57 Double-Bit Axe
12:58 Horse Collar
14:51 Gold Mining
14:53 Stone Mining
17:05 Wheelbarrow
postvmas
1:37 Loom
14:28 Feudal Age
17:37 Wheelbarrow
16:45 Horse Collar
Connection lost

Rejoining the realm…

Still unreachable

The connection could not be restored.

Session expired

The server has moved on; the page needs a fresh start.